Map: Romanticide LE

Players

ViBE - Winner!

  • Race: Zerg Zerg
  • League: Silver
  • Spawn Location: 5:00

Moooohu

  • Race: Protoss Protoss
  • League: Master
  • Spawn Location: 11:00

VOD

Have the link to the VOD?

Description

Time

  • Played on: March 17, 2021, 11:49 p.m.
  • Length: 13:44
Show
View Real Time Build Order
Export as new Build Order

ViBE Zerg - Winner!

Build Orders: Hatch First 

Get SALT Encoding   

  12  0:01  Drone  
  13  0:12  Overlord  
  13  0:20  Drone  
  14  0:31  Drone x2  
  16  0:48  Hatchery  
  15  0:53  Drone  
  15  0:56  Drone  
  17  1:00  Drone  
  18  1:15  Spawning Pool  
  17  1:18  Drone  
  17  1:19  Drone  
  19  1:30  Drone  
  20  1:34  Extractor  
  19  1:43  Drone  
  20  1:54  Overlord  
  20  2:01  Drone x2  
  22  2:02  Queen x2  
  26  2:18  Drone x2  
  28  2:26  Drone x2  
  28  2:29  Spine Crawler  
  29  2:33  Drone x2  
  31  2:43  Lair  
  31  2:44  Overlord  
  31  2:47  Queen  
  31  2:49  Drone  
  34  2:57  Drone x2  
  36  3:07  Drone x2  
  36  3:11  Overlord  
  38  3:15  Drone x5  
  43  3:22  Roach Warren  
  43  3:25  Evolution Chamber  
  41  3:31  Overlord  
  42  3:34  Drone x3  
  44  3:44  Drone  
  44  3:45  Drone x5  
  50  3:52  Overlord  
  50  3:56  Extractor  
  50  3:57  Extractor  
  48  4:04  Glial Reconstitution  
  48  4:06  Zerg Missile Weapons Level 1  
  48  4:08  Hatchery  
  48  4:09  Roach  
  49  4:10  Overlord  
  49  4:17  Roach  
  49  4:19  Roach  
  49  4:24  Roach  
  55  4:28  Roach  
  55  4:30  Drone x4  
  55  4:31  Drone x2  
  63  4:35  Queen  
  65  4:45  Roach  
  67  4:46  Overlord, Roach  
  67  4:53  Roach x4  
  73  5:01  Roach  
  73  5:05  Roach x2  
  78  5:10  Roach  
  78  5:11  Roach  
  80  5:19  Roach  
  80  5:20  Roach  
  81  5:25  Roach  
  75  5:35  Roach x2  
  70  5:55  Roach  
  70  5:56  Roach x4  
  72  6:06  Roach x2  
  76  6:13  Roach  
  78  6:19  Drone x5  
  83  6:30  Overlord  
  83  6:31  Overlord x2  
  83  6:46  Hatchery  
  83  6:47  Drone  
  83  6:50  Drone x3  
  83  6:52  Drone x2  
  88  6:56  Drone  
  88  6:58  Roach  
  88  6:59  Roach x2  
  89  7:05  Roach  
  89  7:06  Roach x2  
  89  7:08  Roach  
  91  7:12  Roach  
  85  7:19  Roach  
  87  7:46  Drone x8  
  95  8:02  Drone x4  
  95  8:03  Drone  
  100  8:16  Drone  
  100  8:17  Drone x2  
  103  8:22  Queen  
  103  8:25  Drone x3  
  108  8:33  Hydralisk Den, Hatchery  
  106  8:36  Extractor  
  106  8:37  Evolution Chamber  
  106  8:38  Zerg Missile Weapons Level 2  
  104  8:50  Drone x11, Extractor x2  
  104  8:51  Drone  
  104  8:54  Overlord  
  104  8:55  Overlord x2  
  114  9:20  Hydralisk x3  
  120  9:25  Drone x12  
  132  9:35  Drone x2  
  134  9:43  Grooved Spines  
  134  9:49  Drone x5, Hatchery  
  134  9:50  Drone  
  134  9:51  Overlord  
  134  9:52  Overlord x3  
  139  10:04  Hydralisk x2  
  143  10:07  Drone, Extractor x2  
  143  10:08  Drone  
  143  10:12  Hydralisk  
  143  10:13  Hydralisk x3  
  151  10:19  Hydralisk x6  
  151  10:20  Hydralisk x2  
  167  10:53  Hydralisk  
  167  10:54  Hydralisk x3  
  167  10:55  Overlord x3  
  167  10:56  Overlord x2  
  175  11:01  Infestation Pit  
  175  11:03  Hydralisk x4  
  180  11:08  Zerg Ground Armor Level 1  
  182  11:12  Muscular Augments  
  182  11:22  Hydralisk x2  
  182  11:23  Hydralisk x7  
  200  11:47  Hive  
  200  11:50  Overseer x3  
  196  12:57  Hatchery  
  195  13:07  Lurker Den  
  194  13:13  Hydralisk x3  
Show
View Real Time Build Order
Export as new Build Order

Moooohu Protoss 

Build Orders:  

Get SALT Encoding   

  12  0:01  Probe (Chrono Boost)  
  13  0:11  Probe (Chrono Boost)  
  14  0:24  Pylon  
  14  0:29  Probe, Assimilator  
  15  0:42  Probe  
  16  0:52  Gateway  
  16  0:54  Probe  
  17  1:06  Probe  
  18  1:17  Pylon  
  18  1:18  Probe  
  19  1:33  Gateway  
  19  1:44  Cybernetics Core  
  19  1:47  Zealot  
  21  1:54  Gateway  
  21  2:06  Gateway  
  21  2:14  Pylon  
  21  2:20  Warp Gate (Chrono Boost), Assimilator  
  21  2:21  Probe  
  22  2:33  Probe  
  23  2:43  Stalker  
  25  2:45  Probe  
  25  2:47  Stalker  
  28  2:54  Adept  
  28  2:57  Probe  
  31  3:03  Stalker  
  33  3:09  Probe  
  34  3:28  Pylon  
  34  3:36  Pylon  
  34  3:58  Stalker  
  34  3:59  Stalker  
  34  4:00  Stalker  
  34  4:02  Adept  
  42  4:34  Stalker  
  42  4:35  Stalker x3  
  50  5:05  Stalker x3  
  50  5:06  Stalker  
  50  5:33  Adept x3  
  40  6:03  Pylon  
  36  6:04  Stalker x2  
  36  6:05  Stalker x2  
  44  6:14  Shield Battery  
  44  6:18  Shield Battery  
  44  6:27  Shield Battery  
  44  6:28  Stalker x2  
  44  6:29  Stalker x2  
  42  7:09  Stalker x4  
  26  7:47  Nexus, Probe  
  27  7:59  Twilight Council, Probe  
  28  8:05  Stargate  
  28  8:11  Probe  
  29  8:23  Stalker  
  29  8:24  Probe  
  32  8:36  Probe  
  33  8:45  Assimilator  
  33  8:47  Assimilator  
  33  8:48  Probe  
  34  8:54  Void Ray (Chrono Boost)  
  34  9:02  Probe (Chrono Boost)  
  39  9:06  Probe (Chrono Boost)  
  40  9:16  Probe (Chrono Boost)  
  42  9:17  Probe (Chrono Boost)  
  42  9:21  Probe (Chrono Boost)  
  43  9:24  Probe  
  44  9:50  Stargate  
  44  9:53  Stargate  
  44  9:54  Stargate  
  44  10:03  Pylon  
  44  10:08  Pylon  
  44  10:11  Dark Shrine  
  44  10:17  Pylon  
  44  10:25  Forge  
  44  10:27  Charge  
  44  10:32  Void Ray  
  48  10:53  Stalker  
  48  10:54  Nexus, Stalker  
  52  11:05  Protoss Ground Armor Level 1, Void Ray  
  56  11:18  Assimilator  
  56  11:21  Assimilator  
  56  11:26  Dark Templar x2  
  60  11:40  Pylon  
  60  11:51  Photon Cannon  
  60  12:01  Photon Cannon  
  60  12:05  Shield Battery  
  60  12:12  Shield Battery  
  60  12:24  Void Ray x3 (Chrono Boost)  
  72  12:46  Stalker x2  
  72  12:51  Void Ray (Chrono Boost)  
  76  13:08  Dark Templar  
  76  13:09  Dark Templar  
  76  13:11  Dark Templar  
Tags
 
Matchup
PvZ
Player
ViBE
Spawn Locations
Cross Positions
Add a new tag
Caveats
  • Supply blocks, unpowered buildings, or Contaminate may cause inaccurate times.
  • Supply counts are checked every 10 seconds.